 Dungeon Sprint DCSS version 0.22.1-2-g9c5b331383 (webtiles) character file.

152 Groucho the Covert (level 5, -1/24 HPs)
             Began as a Spriggan Enchanter on Dec 11, 2018.
             Was a Believer of Dithmenos.
             Slain by a gnoll sergeant
             ... wielding a cursed -3 trident
              (11 damage)
             ... in the Dungeon (Sprint VII: "The Pits").
             The game lasted 00:03:36 (439 turns).

Groucho the Covert (Spriggan Enchanter)              Turns: 439, Time: 00:03:37

Health: -1/24      AC:  2    Str:  5    XL:     5   Next: 11%
Magic:  5/15       EV: 18    Int: 16    God:    Dithmenos [**....]
Gold:   0          SH:  0    Dex: 17    Spells: 8/17 levels left

rFire    . . .     SeeInvis +   o - +2 dagger (venom)
rCold    . . .     Gourm    .   (shield restricted)
rNeg     . . .     Faith    .   b - +0 robe
rPois    .         Spirit   .   (helmet restricted)
rElec    .         Reflect  .   (no cloak)
rCorr    .         Harm     .   (gloves unavailable)
MR       .....     NoTele   +   (boots unavailable)
Stlth    +++++++...             (no amulet)
HPRegen  0.08/turn              (no ring)
MPRegen  0.14/turn              (no ring)

@: wreathed by umbra, very quick
A: very small, unfitting armour, see invisible, herbivore, speed 3, slow
metabolism 2
a: Shadow Step, Renounce Religion


You were in the Dungeon.
You worshipped Dithmenos.
Dithmenos was pleased with you.
You were not hungry.

You visited 1 branch

Inventory:

Hand Weapons
 o - a +2 dagger of venom (weapon)
Missiles
 n - 8 stones (quivered)
Armour
 b - a +0 robe (worn)
Scrolls
 j - a scroll of blinking
 k - 3 scrolls of remove curse
 l - 5 scrolls of amnesia
 m - a scroll of summoning
Potions
 a - a potion of invisibility
 e - 6 potions of curing
 f - 6 potions of heal wounds
 g - a potion of haste
 h - 4 potions of magic
 i - 3 potions of berserk rage
Comestibles
 d - 9 rations


   Skills:
 - Level 1.1 Short Blades
 - Level 3.0 Dodging
 * Level 11.9 Stealth
 + Level 6.7 Spellcasting
 + Level 7.1 Hexes


You had 8 spell levels left.
You knew the following spells:

 Your Spells              Type           Power        Failure   Level  Hunger
a - Corona                Hex            ####...      1%          1    None
b - Ensorcelled Hibernat  Hex/Ice        ###...       4%          2    None
c - Confuse               Hex            ####....     1%          3    ##.....
d - Dazzling Spray        Conj/Hex       ###...       9%          3    ##.....

Your spell library contained the following spells:

 Spells                   Type           Power        Failure   Level  Hunger
 Tukima's Dance           Hex            ####....     1%          3    ##.....


Dungeon Overview and Level Annotations

Branches:
Dungeon (1/1)

Altars:
Ashenzari
Cheibriados
Dithmenos
Elyvilon
Fedhas
Gozag
Hepliaklqana
Kikubaaqudgha
Makhleb
Nemelex Xobeh
Okawaru
Qazlal
Ru
Sif Muna
Trog
Uskayaw
Vehumet
Wu Jian
Xom
Yredelemnul
Zin
The Shining One
Beogh
Jiyva
Lugonu

Annotations:
D Grinder


Innate Abilities, Weirdness & Mutations

You are very small and have problems with some larger weapons.
You are too small for most types of armour.
You have supernaturally acute eyesight. (SInv)
You are a herbivore.
You cover ground extremely quickly.
You need to consume almost no food.


Message History

Aim: Grinder (umbra, chance to defeat MR: 57%) Grinder appears confused.
The gnoll sergeant shouts!
You hit Grinder but do no damage.
Grinder is poisoned.
You hear a shout!
A gnoll comes into view. It is wielding a spear.
Grinder closely misses you.
The gnoll shouts!
You hit Grinder.
Grinder is lightly wounded.
A gnoll comes into view. It is wielding a flail.
You hit Grinder.
Grinder is moderately wounded.
Grinder hits you.
You are too injured to fight recklessly!
You are too injured to fight recklessly!
Unknown command.
A gnoll comes into view. It is wielding a halberd.
The gnoll sergeant hits you from afar with a trident!
You die...

############
#_________.#
#_________.#
#_______...########
##########'##......
#.?|.')))'.##......
##########.##......
#.@...†.....'......
#5#####'#####......
#g#.....#[[##......
#.#.....#))#####'##
#g###'###))##......
#g#.....#))##......
#g#.....#..##......
#.####'##'###...<..
#.#........##......


You could see Grinder (confused), a gnoll sergeant and 3 gnolls.

Vanquished Creatures
  A floating eye (D)
  A worker ant (D)
  An adder (D)
  2 ufetubi (D)
  A bat skeleton (D)
  A giant cockroach (D)
  A goblin (D)
  A jackal skeleton (D)
  A jackal zombie (D)
10 creatures vanquished.

Notes
Turn   | Place    | Note
-------+----------+-------------------------------------------
     0 | D        | Groucho the Spriggan Enchanter began the quest for the Orb.
     0 | D        | Reached XP level 1. HP: 9/9 MP: 5/5
    11 | D        | Reached skill level 5 in Stealth
    40 | D        | Found a bloodstained altar of Trog.
    40 | D        | Found a deep blue altar of Sif Muna.
    40 | D        | Found a viscous altar of Jiyva.
    40 | D        | Found a hazy altar of Hepliaklqana.
    40 | D        | Found an opulent altar of Gozag.
    41 | D        | Found a glowing golden altar of the Shining One.
    41 | D        | Found a glowing silver altar of Zin.
    41 | D        | Found a basalt altar of Yredelemnul.
    41 | D        | Found a shimmering altar of Xom.
    41 | D        | Found an ornate altar of the Wu Jian Council.
    41 | D        | Found a sacrificial altar of Ru.
    41 | D        | Found a stormy altar of Qazlal.
    41 | D        | Found an iron altar of Okawaru.
    41 | D        | Found a sparkling altar of Nemelex Xobeh.
    41 | D        | Found a burning altar of Makhleb.
    41 | D        | Found a blossoming altar of Fedhas.
    41 | D        | Found a white marble altar of Elyvilon.
    41 | D        | Found a shadowy altar of Dithmenos.
    41 | D        | Found a snail-covered altar of Cheibriados.
    43 | D        | Found a radiant altar of Vehumet.
    43 | D        | Found a corrupted altar of Lugonu.
    43 | D        | Found a roughly hewn altar of Beogh.
    44 | D        | Found a hide-covered altar of Uskayaw.
    44 | D        | Found an ancient bone altar of Kikubaaqudgha.
    44 | D        | Found a shattered altar of Ashenzari.
    55 | D        | Became a worshipper of Dithmenos the Shadowed
    72 | D        | Reached skill level 6 in Stealth
    97 | D        | Reached * piety under Dithmenos
    97 | D        | Reached XP level 2. HP: 13/13 MP: 7/7
   101 | D        | Learned a level 2 spell: Ensorcelled Hibernation
   106 | D        | Reached skill level 8 in Stealth
   106 | D        | Reached skill level 5 in Hexes
   106 | D        | Reached XP level 3. HP: 16/16 MP: 8/10
   234 | D        | Reached ** piety under Dithmenos
   256 | D        | Learned a level 3 spell: Confuse
   328 | D        | Reached skill level 9 in Stealth
   389 | D        | Learned a level 3 spell: Dazzling Spray
   399 | D        | Noticed Grinder
   400 | D        | Noticed a black bear
   400 | D        | Noticed a gnoll sergeant
   402 | D        | Noticed a floating eye
   420 | D        | Killed a floating eye
   420 | D        | Reached skill level 11 in Stealth
   420 | D        | Reached XP level 4. HP: 21/21 MP: 8/13
   420 | D        | Reached XP level 5. HP: 24/24 MP: 9/15
   420 | D        | Paralysed by Grinder for 7 turns
   439 | D        | Slain by a gnoll sergeant

Skill      XL: |  1  2  3 |
---------------+----------+-----
Stealth        | 6 8 11 | 11.9
Spellcasting   | 3 4 6 |  6.7
Hexes          | 4 5 7 |  7.1
Short Blades   | |  1.1
Dodging        | |  3.0

Action                   |  1- 3 |  4- 6 || total
-------------------------+-------+-------++-------
Melee: Dagger            |    22 |     3 ||    25
Throw: Stone             |     4 |       ||     4
 Cast: Ensorcelled Hiber |    11 |       ||    11
       Confuse           |     2 |     2 ||     4
  Use: Potion            |     1 |       ||     1
 Stab: Sleeping          |     5 |       ||     5
       Confused          |     1 |       ||     1
       Invisible         |     1 |       ||     1
Armor: Robe              |     1 |       ||     1
Dodge: Dodged            |    35 |     1 ||    36
